 Dungeon Crawl Stone Soup version 0.27-a0-1188-g73eefd5def (webtiles) character file.

Game seed: 15762079175041297519

3731 Lemonice the Spear-Bearer (level 10, -6/80 HPs)
             Began as a Merfolk Fighter on May 21, 2021.
             Mangled by a boulder beetle (15 damage)
             ... on level 7 of the Dungeon.
             The game lasted 00:17:02 (8154 turns).

Lemonice the Spear-Bearer (Merfolk Fighter)         Turns: 8154, Time: 00:17:03

Health: -6/80      AC: 10    Str: 19    XL:     10   Next: 14%
Magic:  10/10      EV: 13    Int:  8    God:
Gold:   462        SH: 11    Dex: 14    Spells: 9/9 levels left

rFire    + . .     SeeInvis .   a - +0 trident
rCold    . . .     Faith    .   c - +0 kite shield
rNeg     . . .     Spirit   .   x - +0 ring mail {rF+}
rPois    .         Reflect  .   L - +2 hat
rElec    .         Harm     .   G - +0 cloak
rCorr    .         Rampage  .   F - +0 pair of gloves
Will     .....                  (no boots)
Stlth    +.........             t - amulet of regeneration
HPRegen  1.23/turn              (no ring)
MPRegen  0.12/turn              (no ring)

@: mighty
A: (nimble swimmer 2), mertail
a: no special abilities


You were on level 7 of the Dungeon.
You visited 2 branches of the dungeon, and saw 9 of its levels.

You collected 462 gold pieces.

Inventory:

Hand Weapons
 a - a +0 trident (weapon)
 w - a +1 halberd of distortion
Missiles
 y - 2 curare-tipped darts (quivered)
Armour
 b - a +0 scale mail
 c - a +0 kite shield (worn)
 x - a +0 ring mail of fire resistance (worn)
 F - a +0 pair of gloves (worn)
 G - a +0 cloak (worn)
 L - a +2 hat (worn)
Jewellery
 t - an amulet of regeneration (around neck)
 K - a ring of protection from fire
Wands
 p - a wand of paralysis (10)
 q - a wand of digging (5)
Scrolls
 f - a scroll of teleportation {unknown}
 g - a scroll of amnesia {unknown}
 i - 2 scrolls of noise {unknown}
 j - 2 scrolls of vulnerability {unknown}
 k - 3 scrolls of identify {unknown}
 l - 2 scrolls of fog {unknown}
 m - a scroll of immolation {unknown}
 n - a scroll of fear {unknown}
 s - a scroll of enchant weapon {unknown}
 v - a scroll of magic mapping {unknown}
 C - a scroll of torment {unknown}
 D - a scroll of holy word {unknown}
 I - 2 scrolls of blinking {unknown}
Potions
 d - a potion of might
 e - a potion of magic {unknown}
 h - 5 potions of heal wounds
 o - a potion of ambrosia {unknown}
 r - 3 potions of lignification
 u - 2 potions of haste {unknown}
 z - a potion of brilliance {unknown}
 A - a potion of berserk rage {unknown}
 B - a potion of curing {unknown}
 E - a potion of mutation {unknown}
 H - a potion of attraction {unknown}
 J - a potion of flight {unknown}


   Skills:
 + Level 7.8 Fighting
 + Level 9.6 Polearms
 + Level 5.3 Armour
 + Level 8.2 Dodging
 + Level 7.0 Shields


You had 9 spell levels left.
You didn't know any spells.
Your spell library contained the following spells:

 Spells                   Type           Power      Damage    Failure   Level
 Magic Dart               Conj           0%         1d3       90%         1
 Searing Ray              Conj           0%         3d3       97%         2
 Dazzling Flash           Conj/Hex       0%         N/A       99%         3
 Fulminant Prism          Conj/Hex       0%         3d6       100%        4
 Iskenderun's Mystic Bla  Conj/Tloc      0%         2d3       100%        4


Dungeon Overview and Level Annotations

Branches:
Dungeon (8/15)             Temple (1/1) D:4
   Lair: D:8-11

Altars:
Ashenzari
Cheibriados
Dithmenos
Elyvilon
Fedhas
Gozag
Hepliaklqana
Kikubaaqudgha
Makhleb
Nemelex Xobeh
Okawaru
Qazlal
Ru
Sif Muna
Trog
Uskayaw
Vehumet
Wu Jian
Xom
Yredelemnul
Zin
The Shining One

Shops:
D:2 *

Annotations:
D:6 2 transporters, Sickboy's ghost, novice DjIE
D:8 Maurice


Innate Abilities, Weirdness & Mutations

((You are quick and stealthy near water. (Stealth+, EV+, Speed+++)))
Your lower body shifts to a powerful aquatic tail in water.


Message History

You climb downwards.
You block the boulder beetle's attack. The boulder beetle bites you.
There is a stone staircase leading up, spattered with blood here.
You feel very mighty all of a sudden. The boulder beetle bites you!!
You hit the boulder beetle.
The boulder beetle is lightly wounded.
The boulder beetle barely misses you.
You completely miss the boulder beetle.
The boulder beetle is lightly wounded.
The boulder beetle leaps!
Maurice the Thief comes into view.
He is wielding a +0 dagger and carrying a wand of digging (6).
Maurice shouts!
The boulder beetle curls into a ball and begins rolling!
There is a stone staircase leading up, spattered with blood here.
Maurice gestures wildly while chanting.
Maurice blinks!
There is a stone staircase leading up, spattered with blood here.
Reach: a) +0 trident
Press: ? - help, Dir - move target, f - boulder beetle
Aim: a boulder beetle (rolling, about 9% to evade your +0 trident)
You reach to attack!
You puncture the boulder beetle!
The boulder beetle is lightly wounded.
The boulder beetle hits you!!
The boulder beetle stops rolling and uncurls.
The boulder beetle bites you!!
* * * LOW HITPOINT WARNING * * *
You climb upwards.
There is a stone staircase leading down here.
You completely miss the boulder beetle.
The boulder beetle is lightly wounded.
The boulder beetle bites you.
You hit the boulder beetle but do no damage.
The boulder beetle is lightly wounded.
The boulder beetle bites you!!
* * * LOW HITPOINT WARNING * * *
You hit the boulder beetle but do no damage.
The boulder beetle is lightly wounded.
The boulder beetle bites you!
You die...

#................####..#.####.#.#
#..............#...............<.
#.#####..........................
#.# #...#.####.####....######..
#.# ###.....##.#[# #....# #....
#.# #...#.#.##.#.####..#.####.#..
#.###.#.#.#.##.#.................
...............#.####..#.####.#..
##......#.#....†@B..#..#.####.#..
##.##.#.#.#.###############......
............#.............###.#..
##.##.......#.............#......
#.##.#.###.#.............#......
##.##.#.....#.............#......
............#.............###.#..
##.#..#.#.#.#.............###.#..
......#.#.#.#......#..)...).#.#..


You could see a boulder beetle.

Vanquished Creatures
  A two-headed ogre (D:8)
  A kobold demonologist (D:7)
  5 yaks (D:7)
  A water moccasin (D:7)
  Duvessa (D:6)
  A sky beast (D:5)
  2 necrophages (D:5)
  An orc warrior (D:6)
  2 ogres (D:4)
  A phantom (D:7)
  A kobold brigand (D:7)
  2 bullfrogs (D:7)
  A wyvern zombie (D:7)
  2 scorpions
  Dowan (D:6)
  A water moccasin skeleton (D:4)
  4 killer bees (D:7)
  A howler monkey (D:6)
  2 centaur zombies
  A hound (D:4)
  Crazy Yiuf (D:6)
  An orc priest (D:5)
  2 iguanas (D:4)
  Jessica (D:3)
  A gnoll shaman (D:6)
  3 orc wizards
  7 gnolls
  7 adders
  2 shadow imps
  A white imp (D:5)
  An ufetubus (D:5)
  3 worms
  3 dart slugs
  15 orcs
  A ball python (D:1)
  6 bats
  6 endoplasms
  A giant cockroach (D:2)
  6 goblins
  6 hobgoblins
  2 jackals (D:1)
  13 kobolds
  6 quokkas
  7 frilled lizards
  7 rats
141 creatures vanquished.

Notes
Turn   | Place    | Note
-------+----------+-------------------------------------------
     0 | D:1      | Lemonice the Merfolk Fighter began the quest for the Orb.
     0 | D:1      | Reached XP level 1. HP: 18/18 MP: 1/1
   187 | D:1      | Reached XP level 2. HP: 24/24 MP: 2/2
   525 | D:1      | Reached skill level 1 in Dodging
   746 | D:1      | Found a faded altar of an unknown god.
   752 | D:1      | Reached XP level 3. HP: 29/29 MP: 3/3
  1240 | D:2      | Found Nosmaoq's Assorted Antiques.
  1351 | D:2      | Found a snail-covered altar of Cheibriados.
  2005 | D:2      | Reached XP level 4. HP: 33/37 MP: 4/4
  2393 | D:3      | Reached skill level 4 in Polearms
  2942 | D:3      | Found a sparkling altar of Nemelex Xobeh.
  2952 | D:3      | Noticed Jessica
  2961 | D:3      | Killed Jessica
  2962 | D:3      | Reached XP level 5. HP: 24/42 MP: 5/5
  3507 | D:4      | Found a staircase to the Ecumenical Temple.
  3517 | Temple   | Entered the Ecumenical Temple
  3831 | D:4      | Reached XP level 6. HP: 18/49 MP: 6/6
  3950 | D:4      | Reached skill level 5 in Polearms
  4039 | D:4      | Reached XP level 7. HP: 41/55 MP: 7/7
  4593 | D:5      | Entered Level 5 of the Dungeon
  4640 | D:5      | Reached skill level 5 in Fighting
  4743 | D:5      | Reached skill level 6 in Polearms
  5066 | D:5      | Reached XP level 8. HP: 61/63 MP: 8/8
  5372 | D:5      | Reached skill level 5 in Dodging
  5781 | D:6      | Reached skill level 5 in Shields
  5911 | D:6      | Noticed Dowan
  5912 | D:6      | Noticed Duvessa
  5929 | D:6      | Killed Duvessa
  5949 | D:6      | Killed Dowan
  5950 | D:6      | Reached skill level 7 in Polearms
  6116 | D:6      | Noticed an eight-headed hydra
  6380 | D:6      | Found a transporter.
  6381 | D:6      | Noticed Sickboy's ghost (novice DjIE)
  6381 | D:6      | Identified the +11 dire flail of the Swamp {venom, rF+}
  6382 | D:6      | Found a transporter.
  6446 | D:6      | Found a runed translucent door.
  6447 | D:6      | Noticed Crazy Yiuf
  6454 | D:6      | Killed Crazy Yiuf
  6979 | D:7      | Noticed a yak
  6979 | D:7      | Noticed a yak
  6979 | D:7      | Noticed a yak
  6979 | D:7      | Noticed a yak
  6986 | D:7      | Noticed a yak
  7003 | D:7      | Killed a yak
  7011 | D:7      | Killed a yak
  7012 | D:7      | Reached XP level 9. HP: 56/71 MP: 9/9
  7020 | D:7      | Reached skill level 8 in Polearms
  7181 | D:7      | Noticed a kobold demonologist
  7188 | D:7      | Noticed a smoke demon
  7198 | D:7      | Killed a kobold demonologist
  7738 | D:7      | Reached skill level 9 in Polearms
  7859 | D:7      | Reached skill level 5 in Armour
  7929 | D:8      | Noticed a two-headed ogre
  7952 | D:8      | Killed a two-headed ogre
  7953 | D:8      | Reached XP level 10. HP: 47/80 MP: 10/10
  8026 | D:8      | Noticed a boulder beetle
  8072 | D:7      | HP: 3/80 [water moccasin (8)]
  8145 | D:8      | Noticed Maurice
  8154 | D:7      | Mangled by a boulder beetle

Illustrated notes

Levels and vault maps discovered:
D:1:      evilmike_arrival_rings, layout_basic,
          hellmonk_ecumenical_altar_pennies_from_heaven
D:2:      layout_basic, basic_altar, serial_glass, glass_columns_a,
          glass_columns_a, serial_shops, nicolae_shop_window_shopping,
          grunt_decor_clamped, st_stairs_6, solitary_fountain, minivault_27,
          minmay_tromino_i2
D:3:      layout_basic, nemelex_spade_bored_becter, serial_rivers,
          chequers_serial_rivers_micro_b, chequers_serial_rivers_micro_a,
          chequers_serial_rivers_small_3, chequers_serial_rivers_small_a,
          chequers_serial_rivers_large_a, minmay_unequal, uniq_jessica
D:4:      layout_loops_cross, minmay_temple_entry_poolview, glass_columns_a,
          kennysheep_path_1
D:5:      layout_basic, minmay_misc_feat_cross, minmay_misc_feat_chi
D:6:      layout_basic, gammafunk_ghost_smash, uniq_duvessa,
          uniq_crazy_yiuf_cottage
D:7:      layout_basic, kennysheep_generic_room_16
D:8:      layout_cave_pods, uniq_erica, uniq_maggie, uniq_maurice
Temple:   compressed_dpeg_circular_temple

Skill      XL: |  1  2  3  4  5  6  7  8  9 |
---------------+----------------------------+-----
Dodging        | 1 2 3 4 6 8 |  8.2
Polearms       | 4 5 6 7 9 |  9.6
Fighting       | 4 5 6 7 |  7.8
Shields        | 4 5 7 |  7.0
Armour         | 3 4 5 |  5.3

Action                   |  1- 3 |  4- 6 |  7- 9 | 10-12 || total
-------------------------+-------+-------+-------+-------++-------
Melee: Trident           |   135 |   188 |   484 |    41 ||   848
  Use: Potion            |       |       |     2 |     2 ||     4
Armor: Scale mail        |    52 |    77 |     3 |       ||   132
       Ring mail         |       |       |   116 |    13 ||   129
       Skin              |       |       |     1 |       ||     1
Dodge: Dodged            |    31 |    60 |   184 |    12 ||   287
Block: Kite shield       |    61 |    93 |   235 |    23 ||   412

Table legend: (Time is in decaauts)
 A = Elapsed time spent in this place.
 B = Non-inter-level travel time spent in this place.
 C = Inter-level travel time spent in this place.
 D = Time resting spent in this place.
 E = Time spent auto-exploring this place.
 F = Levels seen in this place.
 G = Mean time per level.
                   A        B        C        D        E       F      G
               +--------+--------+--------+--------+--------+-----+--------+
         Total |   8301 |   8066 |    235 |      0 |   5765 |   9 |  922.3 |
       Dungeon |   8176 |   7941 |    235 |      0 |   5695 |   8 | 1022.0 |
        Temple |    124 |    124 |      0 |      0 |     70 |   1 |  124.0 |
               +--------+--------+--------+--------+--------+-----+--------+

Top non-repeatable levels by time:
     D:7: 1270 daAuts
     D:5: 1206 daAuts
     D:4: 1170 daAuts
     D:1: 1163 daAuts
     D:2: 1123 daAuts
     D:3: 1107 daAuts
     D:6: 1000 daAuts
     D:8: 134 daAuts
  Temple: 124 daAuts
